 Dungeon Crawl Stone Soup version 0.26.1-11-gd32895ea62 (webtiles) character file.

Game seed: 2678893909895526709

14914 dtburroughs the Fighter (level 11, -6/102 HPs)
             Began as a Minotaur Berserker on June 12, 2021.
             Was a High Priest of Trog.
             Mangled by a seven-headed hydra (7 damage)
             ... on level 2 of the Lair of Beasts.
             The game lasted 00:27:36 (16234 turns).

dtburroughs the Fighter (Minotaur Berserker)       Turns: 16234, Time: 00:27:37

Health: -6/102     AC: 14    Str: 21    XL:     11   Next: 95%
Magic:  0/10       EV: 16    Int:  7    God:    Trog [*****.]
Gold:   607        SH:  0    Dex: 11    Spells: 10/10 levels left

rFire    + . .     SeeInvis +   I - +0 mace
rCold    . . .     Faith    .   (no shield)
rNeg     . . .     Spirit   +   y - quicksilver dragon scales
rPois    .         Reflect  .   (helmet restricted)
rElec    .         Harm     .   w - scarf {repulsion}
rCorr    .         Rampage  .   P - +0 pair of gloves
Will     +++..                  (no boots)
Stlth    +.........             O - amulet of guardian spirit
HPRegen  1.27/turn              D - ring of protection from fire
MPRegen  0.12/turn              s - ring of see invisible

@: regenerating, repel missiles
A: retaliatory headbutt, horns 2
a: Renounce Religion, Berserk, Trog's Hand, Brothers in Arms


You were on level 2 of the Lair of Beasts.
You worshipped Trog.
Trog was extremely pleased with you.
You visited 2 branches of the dungeon, and saw 12 of its levels.

You collected 607 gold pieces.

Inventory:

Hand Weapons
 G - a +0 vorpal hand axe
 I - a +0 mace (weapon)
 L - a +5 war axe
 Q - a +0 broad axe
Armour
 t - a +1 plate armour
 w - a scarf of repulsion (worn)
 y - quicksilver dragon scales (worn)
 P - a +0 pair of gloves (worn)
Jewellery
 s - a ring of see invisible (right hand)
 D - a ring of protection from fire (left hand)
 O - an amulet of guardian spirit (around neck)
Wands
 k - a wand of polymorph (27)
 C - a wand of digging (5)
 J - a wand of paralysis (10)
 K - a wand of iceblast (7)
Scrolls
 d - 3 scrolls of teleportation
 e - 2 scrolls of remove curse
 h - 7 scrolls of enchant weapon
 m - 4 scrolls of enchant armour
 n - 2 scrolls of random uselessness {unknown}
 p - a scroll of amnesia {unknown}
 q - 3 scrolls of magic mapping {unknown}
 r - 3 scrolls of noise {unknown}
 v - a scroll of fog {unknown}
 B - a scroll of identify
 E - a scroll of silence {unknown}
 F - a scroll of vulnerability {unknown}
 H - 2 scrolls of fear {unknown}
 M - a scroll of summoning {unknown}
 N - a scroll of immolation {unknown}
 R - a scroll of torment {unknown}
Potions
 a - a potion of haste {unknown}
 b - a potion of invisibility {unknown}
 c - 3 potions of curing {unknown}
 f - a potion of mutation {unknown}
 g - 3 potions of brilliance
 i - 3 potions of flight {unknown}
 j - 2 potions of heal wounds {unknown}
 l - a potion of attraction {unknown}
 o - a potion of degeneration {unknown}
 u - a potion of berserk rage {unknown}
 x - 2 potions of magic {unknown}
 z - 3 potions of lignification
 A - 8 potions of ambrosia {unknown}


   Skills:
 + Level 11.0 Fighting
 + Level 11.0 Axes
 + Level 10.7 Armour
 + Level 9.9 Dodging
 + Level 7.9 Evocations


You had 10 spell levels left.
You didn't know any spells.
Your spell library was empty.

Dungeon Overview and Level Annotations

Branches:
Dungeon (10/15)            Temple (0/1) D:4            Lair (2/6) D:10
  Snake (0/4) Lair:2
  Swamp: Lair:2-4    Shoals: Lair:2-4       Orc: D:9-12

Altars:
Cheibriados
Dithmenos
Elyvilon
Okawaru
Ru
Trog
Vehumet
Yredelemnul
The Shining One

Shops:
D:4 *}

Annotations:
D:4 exclusion: statue
D:7 2 transporters, oc3rt's ghost, novice TeWr


Innate Abilities, Weirdness & Mutations

You reflexively headbutt those who attack you in melee.
You have a pair of horns on your head.


Message History

* * * LOW HITPOINT WARNING * * *
The seven-headed hydra bites you but does no damage.
The seven-headed hydra closely misses you.
The seven-headed hydra bites you.
* * * LOW HITPOINT WARNING * * *
The seven-headed hydra completely misses you.
The seven-headed hydra bites you!
* * * LOW HITPOINT WARNING * * *
The cane toad barely misses you.
Your skin crawls.
You feel strong-willed.
The seven-headed hydra completely misses you.
You furiously retaliate!
You headbutt the seven-headed hydra. The seven-headed hydra misses you.
The seven-headed hydra completely misses you.
The seven-headed hydra closely misses you.
The seven-headed hydra misses you. The seven-headed hydra bites you!
* * * LOW HITPOINT WARNING * * *
The seven-headed hydra bites you!
You die...

.P. ###.#.#.#... .......
#...<....... .......
####P...#....
.......#####......P.#.^.
..........##..###P......
..........P##.#.......#.
.......##...#.#.#....##.
......D#...##...#...#...
......F@#....####....#.(
........#...+.....P.....
.......##P.##..#.#......
....... ####........P...
....... ##.##.##.#...
....... #...........
.#.#### #.###.+.#.PP# ##
##...#### ##.#...#.#


You could see a seven-headed hydra and a cane toad.

Vanquished Creatures
  Harold (D:7)
  A hydra (Lair:2)
  3 two-headed ogres
  A cyclops (D:9)
  A cane toad (Lair:2)
  2 komodo dragons
  A polar bear (Lair:2)
  2 trolls (D:10)
  A queen bee (Lair:2)
  Sigmund (D:2)
  14 yaks
  3 wyverns (D:10)
  2 basilisks
  An acid dragon (D:9)
  3 water moccasins (Lair:2)
  3 ice beasts
  A sky beast (D:6)
  A necrophage (D:7)
  5 orc warriors
  3 ogres
  3 black bears
  3 centaurs
  4 wolves (Lair:2)
  An eye of draining (D:10)
  2 big kobolds
  10 bullfrogs
  A water moccasin zombie (D:6)
  2 scorpions
  30 killer bees
  8 wights
  2 howler monkeys (D:4)
  4 hounds
  2 bullfrog zombies
  14 orc priests
  9 orc wizards
  3 bullfrog skeletons
  A centaur skeleton (D:5)
  A gnoll shaman (D:5)
  2 jellies
  An iguana (D:5)
  5 worker ants
  2 hound skeletons (D:5)
  A worker ant zombie (D:10)
  8 gnolls
  6 adders
  3 shadow imps
  3 white imps
  7 ufetubi
  2 adder skeletons
  A worm (D:9)
  8 leopard geckos
  38 orcs
  4 giant cockroaches
  11 goblins
  4 hobgoblins
  13 jackals
  8 quokkas
  A ball python (D:1)
  7 bats
  A frilled lizard (D:1)
  7 kobolds
  7 rats
300 creatures vanquished.

Vanquished Creatures (others)
  A bush (Lair:2)
  7 fungi (Lair:2)
  4 plants
12 creatures vanquished.

Grand Total: 312 creatures vanquished

Notes
Turn   | Place    | Note
-------+----------+-------------------------------------------
     0 | D:1      | dtburroughs the Minotaur Berserker began the quest for the
                  | Orb.
     0 | D:1      | Reached XP level 1. HP: 19/19 MP: 0/0
   396 | D:1      | Reached XP level 2. HP: 27/27 MP: 1/1
   724 | D:2      | Noticed Sigmund
   768 | D:2      | Found a glowing golden altar of the Shining One.
   871 | D:2      | Reached XP level 3. HP: 31/33 MP: 2/2
   905 | D:2      | Found a sacrificial altar of Ru.
   917 | D:2      | Reached ** piety under Trog
  1348 | D:2      | Killed Sigmund
  1349 | D:2      | Reached skill level 1 in Evocations
  1349 | D:2      | Reached XP level 4. HP: 41/41 MP: 3/3
  1349 | D:2      | Reached XP level 5. HP: 47/47 MP: 4/4
  2426 | D:4      | Found Paesh's Practical Paraphernalia.
  2443 | D:4      | Found a radiant altar of Vehumet.
  2443 | D:4      | Noticed a charred statue
  2452 | D:4      | Reached XP level 6. HP: 55/55 MP: 5/5
  2481 | D:4      | Reached skill level 5 in Fighting
  2481 | D:4      | Reached skill level 5 in Axes
  3133 | D:4      | Found a staircase to the Ecumenical Temple.
  3402 | D:4      | Found Detzajargh's Gadget Shop.
  3507 | D:5      | Entered Level 5 of the Dungeon
  3526 | D:5      | Reached XP level 7. HP: 36/61 MP: 6/6
  3769 | D:5      | Reached skill level 5 in Armour
  4193 | D:5      | Reached *** piety under Trog
  5016 | D:6      | Reached skill level 5 in Dodging
  5016 | D:6      | Reached XP level 8. HP: 70/70 MP: 7/7
  6709 | D:7      | Found an iron altar of Okawaru.
  6799 | D:7      | Noticed Harold
  6816 | D:7      | Killed Harold
  6817 | D:7      | Reached XP level 9. HP: 31/79 MP: 8/8
  7061 | D:7      | Reached skill level 5 in Evocations
  7316 | D:7      | Found a transporter.
  7324 | D:7      | Noticed a moth of wrath
  7324 | D:7      | Noticed oc3rt's ghost (novice TeWr)
  7497 | D:7      | Found a transporter.
  7663 | D:7      | Found a white marble altar of Elyvilon.
  8082 | D:7      | Reached **** piety under Trog
  8478 | D:8      | Found a basalt altar of Yredelemnul.
  8521 | D:8      | Reached XP level 10. HP: 78/90 MP: 9/9
  8798 | D:8      | Found a bloodstained altar of Trog.
  8854 | D:8      | Found a bloodstained altar of Trog.
  9644 | D:9      | Noticed a cyclops
  9669 | D:9      | Killed a cyclops
 10126 | D:9      | Found a snail-covered altar of Cheibriados.
 10468 | D:9      | Noticed a two-headed ogre
 10480 | D:9      | Killed a two-headed ogre
 10762 | D:9      | Identified the +9 chain mail "Wogoilla" {rPois rF+}
 10884 | D:9      | Found a shadowy altar of Dithmenos.
 11157 | D:10     | Entered Level 10 of the Dungeon
 11187 | D:10     | Noticed a two-headed ogre
 11200 | D:10     | Killed a two-headed ogre
 11472 | D:10     | Found a staircase to the Lair.
 11498 | D:10     | Reached XP level 11. HP: 48/99 MP: 10/10
 11995 | D:10     | Noticed a two-headed ogre
 12016 | D:10     | Killed a two-headed ogre
 12017 | D:10     | Reached skill level 10 in Fighting
 12017 | D:10     | Reached skill level 10 in Axes
 13325 | D:10     | Reached skill level 10 in Armour
 13587 | Lair:1   | Entered Level 1 of the Lair of Beasts
 15175 | Lair:2   | Noticed a four-headed hydra
 15318 | Lair:2   | Reached ***** piety under Trog
 15440 | Lair:2   | Killed a four-headed hydra
 16080 | Lair:2   | Found a staircase to the Snake Pit.
 16223 | Lair:2   | Noticed a seven-headed hydra
 16234 | Lair:2   | HP: 1/102 [seven-headed hydra (9)]
 16234 | Lair:2   | Mangled by a seven-headed hydra

Illustrated notes

Levels and vault maps discovered:
D:1:      minmay_arrival_stone_box, layout_basic, minmay_parallelograms,
          minivault_19
D:2:      kennysheep_the_goblin_king, layout_basic, lemuel_round_altar,
          nicolae_ru_awakened_eye, kennysheep_nondescript, minmay_hexomino_p4,
          uniq_sigmund
D:3:      layout_loops_ring, fountainhead
D:4:      layout_rooms, vehumet_statue, minmay_temple_entry_gardened_gates,
          serial_shops, shop, minivault_23, minivault_5, nicolae_alphabet_shops,
          minmay_vboxes
D:5:      minmay_recursive_quarters, layout_loops_ring
D:6:      layout_basic
D:7:      layout_loops_ring, elyvilon_altar_1,
          gammafunk_ghost_berserking_beasts, nicolae_ossuary_entry_monument,
          kennysheep_okawaru_gauntlet, uniq_harold
D:8:      layout_rooms, kennysheep_mini_moat, nicolae_overflow_hidden_temple,
          bloody_trog
D:9:      kennysheep_big_flooded_room, layout_rooms, slow_altar_1,
          nicolae_dithmenos_shadow_blocks, minmay_crystal_room,
          nrook_mini_vaults
D:10:     layout_roguey, david_lair_generic
Lair:1:   layout_layer_cave, st_stairs_6
Lair:2:   layout_roguey [special_room_bee], dummy_snake_entry, minivault_19

Skill      XL: |  1  2  3  4  5  6  7  8  9 10 11 |
---------------+----------------------------------+-----
Fighting       | 4 5 6 7 8 9 11 | 11.0
Axes           | 4 5 6 7 8 9 11 | 11.0
Armour         | 3 4 5 7 8 9 10 | 10.7
Dodging        | 3 4 5 6 7 8 9 |  9.9
Evocations     | 1 2 3 4 5 6 7 |  7.9

Action                   |  1- 3 |  4- 6 |  7- 9 | 10-12 || total
-------------------------+-------+-------+-------+-------++-------
Melee: Hand axe          |    60 |    88 |    50 |   436 ||   634
       Headbutt          |     2 |    19 |    45 |   121 ||   187
       War axe           |       |    11 |   251 |   145 ||   407
       Mace              |       |       |       |    13 ||    13
Invok: Berserk           |     1 |       |       |     3 ||     4
       Trog's Hand       |       |     2 |     5 |     5 ||    12
  Use: Scroll            |       |       |     4 |     4 ||     8
Armor: Scale mail        |    23 |     6 |       |       ||    29
       Leather armour    |     1 |       |       |       ||     1
       Plate armour      |       |    34 |    41 |       ||    75
       Quicksilver drago |       |       |   101 |   215 ||   316
Dodge: Dodged            |    30 |    46 |   227 |   478 ||   781
       Repelled          |       |       |     2 |     2 ||     4
